 Dungeon Crawl Stone Soup version 0.31-a0-202-g547052bce9 (webtiles) character file.

Game seed: 10371086584343575801

164 qw the Skirmisher (level 5, -1/29 HPs)
             Began as a Deep Elf Hunter on June 26, 2023.
             Succumbed to Ijyb's poison
             ... on level 3 of the Dungeon.
             The game lasted 00:00:56 (1972 turns).

qw the Skirmisher (Deep Elf Hunter)                 Turns: 1972, Time: 00:00:56

Health: -1/29      AC:  6    Str: 10    XL:     5   Next: 21%
Magic:  7/7        EV: 11    Int: 14    God:
Gold:   153        SH:  0    Dex: 18    Spells: 4/4 levels left

rFire   . . .        Y - +1 shortbow
rCold   . . .        (shield currently unavailable)
rNeg    . . .        g - +0 ring mail
rPois   .            d - +0 helmet
rElec   .            (no cloak)
rCorr   +            (no gloves)
SInv    .            (no boots)
Will    .....        (no amulet)
Stlth   +            e - ring of resist corrosion
HPRegen 0.24/turn    (no ring)
MPRegen 0.10/turn

%: no passive effects
@: lethally poisoned (-1 -> -6)
A: no striking features
a: no special abilities


You were on level 3 of the Dungeon.
You visited 1 branch of the dungeon, and saw 3 of its levels.

You collected 153 gold pieces.


   Skills:
 - Level 1.5 Fighting
 + Level 8.7 Ranged Weapons
 - Level 2.4 Dodging
 - Level 1.2 Stealth


You had 4 spell levels left.
You didn't know any spells.
Your spell library was empty.

Inventory:

Hand Weapons
 Y - a +1 shortbow (weapon)
Armour
 d - a +0 helmet (worn)
 g - a +0 ring mail (worn)
Jewellery
 e - a ring of resist corrosion (left hand)
Scrolls
 a - 3 scrolls of identify
Potions
 f - a potion of brilliance {unknown}
 h - 2 potions of curing

Dungeon Overview and Level Annotations

Branches:
Dungeon (3/15)

Altars:

Annotations:
D:3 Ijyb


Message History

Ijyb is heavily wounded.
You shoot an arrow. The arrow hits Ijyb but does no damage.
Ijyb is heavily wounded.
You shoot an arrow. The arrow barely misses Ijyb.
You shoot an arrow. The arrow hits Ijyb but does no damage.
Ijyb is heavily wounded.
Ijyb zaps a wand.
The puff of flame hits you.
You shoot an arrow. The arrow hits Ijyb.
Ijyb is heavily wounded.
Ijyb zaps a wand.
The puff of flame hits you.
Ijyb zaps a wand.
The puff of flame hits you!
You shoot an arrow. The arrow barely misses Ijyb.
Ijyb hits you with a +1 dagger of venom.
You are poisoned.
You shoot an arrow. The arrow hits Ijyb but does no damage.
Ijyb is heavily wounded.
You feel sick.
A ball python comes into view.
Ijyb zaps a wand.
The puff of flame misses you.
You shoot an arrow. The arrow barely misses Ijyb.
The ball python hisses angrily.
You feel sick. Ijyb hits you but does no damage.
You are lethally poisoned!
You shoot an arrow. The arrow hits Ijyb but does no damage.
Ijyb is heavily wounded.
You feel very sick. Ijyb barely misses you.
You shoot an arrow. The arrow closely misses Ijyb.
You feel very sick. Ijyb barely misses you.
You shoot an arrow. The arrow closely misses Ijyb.
You feel sick.
Ijyb hits you with a +1 dagger of venom.
You shoot an arrow. The arrow closely misses Ijyb.
You feel sick.
Ijyb zaps a wand.
The puff of flame misses you.
The ball python bites you but does no damage.
The ball python barely misses you.
You shoot an arrow. The arrow hits Ijyb.
Ijyb is severely wounded.
You die...

#...#........(##
#.#.............
###.<##...%.....#
##.....#.........#
##.........##.#..###
#........).##.##....
#..........##.###...
#.............###...
#..@......###.......
#..gS.....# #.#.....
#.......... #.#.....
#.........# ........
#.........####o.....
#.......... #......
#...[....... #..)...
##.........#.#......
#.#......


You could see Ijyb and a ball python.

Vanquished Creatures
  3 orc wizards (D:3)
  2 adders (D:3)
  An adder zombie (D:2)
  3 worms (D:2)
  3 dart slugs (D:2)
  2 orcs (D:3)
  8 ball pythons
  3 bats
  2 bat skeletons (D:2)
  8 endoplasms
  2 giant cockroaches (D:1)
  2 goblins
  2 hobgoblins
  5 kobolds
  2 quokkas
  A frilled lizard (D:2)
  A quokka skeleton (D:2)
  A quokka zombie (D:2)
  5 rats
56 creatures vanquished.

Notes
Turn   | Place    | Note
-------+----------+-------------------------------------------
     0 | D:1      | qw the Deep Elf Hunter began the quest for the Orb.
     0 | D:1      | Reached XP level 1. HP: 12/12 MP: 3/3
     0 | D:1      | 0 ||| qw: Version: 0.3-a-22-g0ed2b0b
     0 | D:1      | 0 ||| qw: Game counter: 6154
     0 | D:1      | 0 ||| qw: Melee chars always use a shield: true
     0 | D:1      | 0 ||| qw: God list: Okawaru
     0 | D:1      | 0 ||| qw: Allow faded altars: false
     0 | D:1      | 0 ||| qw: Do Orc after clearing Dungeon:15 true
     0 | D:1      | 0 ||| qw: Do second Lair branch before Depths: true
     0 | D:1      | 0 ||| qw: Lair rune preference: random
     0 | D:1      | 0 ||| qw: Goals: Normal
     0 | D:1      | 0 ||| PLANNING D:1-11
   136 | D:1      | Reached XP level 2. HP: 16/16 MP: 4/4
   164 | D:1      | Reached skill level 6 in Ranged Weapons
   598 | D:1      | 598 ||| UPGRADING to ring of resist corrosion.
   599 | D:1      | 599 ||| READING 3 scrolls labelled FUEXTO FYUNWOA.
   600 | D:1      | 600 ||| READING scroll labelled ICLOED IRCHA.
   628 | D:1      | 628 ||| READING scroll labelled POSHRO MORIPH.
   629 | D:1      | 629 ||| READING scroll labelled XAQASK VOIR.
   630 | D:1      | 630 ||| READING scroll labelled YSEMAK IKELYTT.
   631 | D:1      | 631 ||| READING scroll labelled XOTOIXZOTEZ.
   634 | D:1      | 634 ||| DRINKING 2 red potions.
   635 | D:1      | 635 ||| READING 2 scrolls of identify.
   635 | D:1      | 635 ||| IDENTIFYING yellow potion
   636 | D:1      | 636 ||| DROPPING scroll of butterflies.
   637 | D:1      | 637 ||| DROPPING potion of degeneration.
   648 | D:2      | 648 ||| STAIRDANCE
   808 | D:2      | Reached XP level 3. HP: 20/20 MP: 5/5
  1079 | D:2      | Reached skill level 7 in Ranged Weapons
  1551 | D:2      | 1551 ||| UPGRADING to +0 helmet.
  1556 | D:2      | 1556 ||| UPGRADING to +0 ring mail.
  1566 | D:2      | 1566 ||| DROPPING +0 leather armour.
  1567 | D:2      | 1567 ||| READING scroll labelled AXZOGUVEYR.
  1589 | D:3      | Reached XP level 4. HP: 25/25 MP: 6/6
  1852 | D:3      | 1852 ||| FLEEEEING.
  1853 | D:3      | 1853 ||| FLEEEEING.
  1854 | D:3      | 1854 ||| FLEEEEING.
  1855 | D:3      | 1855 ||| FLEEEEING.
  1856 | D:3      | 1856 ||| FLEEEEING.
  1857 | D:3      | 1857 ||| FLEEEEING.
  1858 | D:3      | 1858 ||| FLEEEEING.
  1859 | D:3      | 1859 ||| FLEEEEING.
  1860 | D:3      | 1860 ||| FLEEEEING.
  1861 | D:3      | 1861 ||| FLEEEEING.
  1862 | D:3      | 1862 ||| FLEEEEING.
  1871 | D:3      | 1871 ||| STAIRDANCE
  1873 | D:2      | 1873 ||| DRINKING 3 potions of curing.
  1873 | D:2      | 1873 ||| (to cure confusion)
  1874 | D:2      | 1874 ||| READING scroll labelled QOGEYXYTWE.
  1877 | D:3      | 1877 ||| Stepping randomly (disturbance).
  1883 | D:3      | Reached skill level 8 in Ranged Weapons
  1925 | D:3      | Reached XP level 5. HP: 29/29 MP: 7/7
  1927 | D:3      | 1927 ||| FLEEEEING.
  1928 | D:3      | 1928 ||| FLEEEEING.
  1929 | D:3      | 1929 ||| FLEEEEING.
  1956 | D:3      | Noticed Ijyb
  1969 | D:3      | HP: 6/29 [poisoned by Ijyb]
  1970 | D:3      | HP: 2/29 [Ijyb/+1 dagger of venom (2)]
  1972 | D:3      | Succumbed to Ijyb's poison

Levels and vault maps discovered:
D:1:      sevenhm_arrival_forest_fort_large_3, layout_basic, solitary_fountain
D:2:      layout_loops_corners, serial_undead, serial_undead_d, serial_undead_c,
          serial_undead_a, serial_undead_e
D:3:      layout_rooms, uniq_ijyb

Skill      XL: |  1  2  3  4 |
---------------+-------------+-----
Ranged Weapons | 6 7 8 |  8.7
Fighting       | |  1.5
Dodging        | |  2.4
Stealth        | |  1.2

Action                     |  1- 3 |  4- 6 || total
---------------------------+-------+-------++-------
   Fire: Shortbow          |   119 |    72 ||   191
    Use: Scroll            |     8 |     1 ||     9
         Potion            |     1 |     1 ||     2
 Armour: Leather armour    |     7 |       ||     7
         Ring mail         |       |    14 ||    14
  Dodge: Dodged            |    26 |    11 ||    37

Table legend:
 A = Non-vault XP
 B = Vault XP
 C = Vault XP percentage of total XP
 D = Non-vault monster count
 E = Vault monster count
 F = Vault count percentage of total count
                 A         B        C        D         E       F
            +---------+---------+-------+---------+---------+-------
      Total |     224 |      11 |   4.7 |      51 |       5 |   8.9
            +---------+---------+-------+---------+---------+-------
        D:1 |      24 |       0 |   0.0 |      12 |       0 |   0.0
        D:2 |      49 |      11 |  18.3 |      21 |       5 |  19.2
        D:3 |     151 |       0 |   0.0 |      18 |       0 |   0.0
            +---------+---------+-------+---------+---------+-------
